 Dungeon Crawl Stone Soup version 0.17.1-2-g5865329 (webtiles) character file.

96 Moresty the Digger (level 4, -8/24 HPs)
             Began as a Gargoyle Earth Elementalist on Jan 14, 2016.
             Killed from afar by an orc wizard (10 damage)
             ... with a puff of flame
             ... on level 3 of the Dungeon.
             The game lasted 00:14:23 (2914 turns).

Moresty the Digger (Gargoyle Earth Elementalist)    Turns: 2914, Time: 00:14:23

Health: -8/24      AC:  5    Str: 11    XL:     4   Next: 67%
Magic:  2/9        EV: 12    Int: 17    God:
Gold:   172        SH:  0    Dex: 10    Spells: 3 memorised, 4 levels left

rFire  . . .     SeeInvis .     t - +2 dagger (venom)
rCold  . . .     Clarity  .     a - +0 robe
rNeg   + . .     SustAt   .     (no shield)
rPois  ∞         Gourm    .     (no helmet)
rElec  +         Spirit   .     (no cloak)
rCorr  .         Warding  .     (no gloves)
rMut   .         Stasis   .     (no boots)
MR     .....                    (no amulet)
Stlth  ++........               (no ring)
                                e - ring of flight

@: not resistant to hostile enchantments, unstealthy
A: negative energy resistance 1, electricity resistance, unbreathing,
petrification resistance, rot immunity, AC +3
a: Evoke Flight


You were on level 3 of the Dungeon.
You were not hungry.

You visited 1 branch of the dungeon, and saw 3 of its levels.

You collected 172 gold pieces.

Inventory:

Hand Weapons
 t - a +2 dagger of venom (weapon)
Missiles
 b - 79 stones (quivered)
Armour
 a - a +0 robe (worn)
Jewellery
 e - a ring of flight (left hand)
Wands
 r - a wand of flame (19)
Scrolls
 i - 2 scrolls of amnesia {unknown}
 m - 2 scrolls of teleportation {unknown}
 n - a scroll of enchant armour {unknown}
 q - a scroll of enchant weapon {unknown}
 w - 2 scrolls of identify {unknown}
 y - a scroll of fog {unknown}
Potions
 g - 2 potions of lignification {unknown}
 k - 2 potions of magic {unknown}
 l - a potion of invisibility {unknown}
 o - 2 potions of might {unknown}
 p - 2 potions of curing {unknown}
 s - a potion of cancellation {unknown}
 v - 2 potions of degeneration {unknown}
 x - a potion of haste {unknown}
Books
 c - a book of Geomancy

   Spells                             Type                      Level
   a - Sandblast                      Earth                        1
   b - Stoneskin                      Transmutation/Earth          2
   c - Passwall                       Transmutation/Earth          3
   d - Stone Arrow                    Conjuration/Earth            3
   e - Petrify                        Transmutation/Earth          4
   f - Lee's Rapid Deconstruction     Earth                        5
Comestibles
 d - 3 bread rations
 f - 2 beef jerkies
 h - a meat ration
 j - 3 fruits


   Skills:
 - Level 1.5 Dodging
 - Level 2.1 Stealth
 * Level 3.6 Spellcasting
 + Level 1.2 Conjurations
 - Level 0.7 Transmutations
 + Level 4.4 Earth Magic


You had 4 spell levels left.
You knew the following spells:

 Your Spells              Type           Power        Failure   Level  Hunger
a - Sandblast             Erth           ###...       2%          1    None
b - Stoneskin             Trmt/Erth      ##......     10%         2    ##.....
c - Stone Arrow           Conj/Erth      ##....       17%         3    ###....


Dungeon Overview and Level Annotations

Branches:
Dungeon (3/15)

Altars:
Xom


Innate Abilities, Weirdness & Mutations

You are resistant to torment.
Your stone body is resilient (AC +3).
You are immune to poison.
You resist negative energy.
You are resistant to electric shocks.
You can survive without breathing.
You are immune to petrification.
You are immune to rotting.


Message History

Confirm with . or Enter, or press ? or * to list all spells.
Aiming: Stone Arrow
Press: ? - help, Shift-Dir - straight line, f/p - orc wizard
Aim: an orc wizard, wielding a dagger and wearing a robe (lightly wounded, fast)
The stone arrow misses the orc wizard.
The orc wizard completely misses you.
The orc wizard looks braver for a moment.
The orc wizard hits you with a dagger.
The orc wizard hits you but does no damage.
The orc wizard hits you but does no damage.
The orc wizard barely misses you.
The orc wizard miscasts a cantrip.
The orc wizard casts a spell at you. The puff of frost hits you!
Ouch! That really hurt!
The orc wizard gestures at you while chanting.
The magic dart hits you!
* * * LOW HITPOINT WARNING * * *
The orc wizard gestures at you while chanting.
The puff of flame hits you!
You die...

###
.........#############.
..#
..............########.
#.#
.........####.#........
#.# ###.#......# .#######
#.############.#.####.# #
#...................#.# #
#..###########.#........
# #.(######.# #.#...##.#.
# #.....)...# #.#@.....#
# #)#######.####.#.o#####
# #.# #.#....#......# #
..# #.#.#####.###.# #
..#######.#.#####.###.#
........÷......>...##.#..
#.####.##.#.###....##.#.#
#..# #.##.#.# #....##.#.#
#..###.##.#.# #....##.#.#


You could see an orc wizard.

Vanquished Creatures
  2 adders
  2 oozes
  2 worms
  4 orcs (D:3)
  2 ball pythons (D:1)
  8 bats
  5 hobgoblins
  7 jackals (D:1)
  A giant cockroach (D:1)
  4 giant newts
  8 goblins
  4 kobolds
  11 rats
60 creatures vanquished.

Notes
Turn   | Place    | Note
--------------------------------------------------------------
     0 | D:1      | Moresty the Gargoyle Earth Elementalist began the quest for the Orb.
     0 | D:1      | Reached XP level 1. HP: 10/10 MP: 3/3
   210 | D:1      | Reached XP level 2. HP: 7/15 MP: 1/5
  1224 | D:1      | Reached XP level 3. HP: 19/19 MP: 5/7
  1373 | D:1      | Reached skill level 4 in Earth Magic
  1532 | D:1      | Learned a level 2 spell: Stoneskin
  1536 | D:1      | Learned a level 3 spell: Stone Arrow
  1930 | D:2      | Found a shimmering altar of Xom.
  1933 | D:2      | Found a shimmering altar of Xom.
  1933 | D:2      | Found a shimmering altar of Xom.
  2096 | D:2      | Reached XP level 4. HP: 24/24 MP: 5/9
  2369 | D:3      | Reached skill level 1 in Conjurations
  2914 | D:3      | Killed from afar by an orc wizard

Action                   |  1- 3 |  4- 6 || total
-------------------------+-------+-------++-------
Melee: Unarmed           |     2 |       ||     2
       Dagger            |       |     3 ||     3
 Cast: Sandblast         |    84 |    42 ||   126
       Stone Arrow       |       |     7 ||     7
       Stoneskin         |       |     1 ||     1
  Eat: Chunk             |     4 |     3 ||     7
